 Dungeon Crawl Stone Soup version 0.27-a0-1051-g288ea87c7c (webtiles) character file.

Game seed: 4411662747638411555

4 vhaine the Insei (level 1, 0/16 HPs)
             Began as a Demonspawn Gladiator on Apr 20, 2021.
             Slain by a wyvern skeleton (12 damage)
             ... on level 2 of the Dungeon.
             The game lasted 00:00:30 (516 turns).

vhaine the Insei (Demonspawn Gladiator)              Turns: 516, Time: 00:00:31

Health: 0/16       AC:  4    Str: 14    XL:     1   Next: 58%
Magic:  1/1        EV: 12    Int:  9    God:
Gold:   14         SH:  0    Dex: 14    Spells: 0/0 levels left

rFire    . . .     SeeInvis .     - Unarmed
rCold    . . .     Faith    .   (no shield)
rNeg     . . .     Spirit   .   a - +0 leather armour
rPois    .         Reflect  .   b - +0 helmet
rElec    .         Harm     .   (no cloak)
rCorr    .         Rampage  .   (no gloves)
Will     .....                  (no boots)
Stlth    +.........             (no amulet)
HPRegen  0.05/turn              (no ring)
MPRegen  0.07/turn              (no ring)

@: no status effects
A: no striking features
a: no special abilities


You were on level 2 of the Dungeon.
You visited 1 branch of the dungeon, and saw 2 of its levels.

You collected 14 gold pieces.

Inventory:

Missiles
 c - 3 throwing nets (quivered)
Armour
 a - a +0 leather armour (worn)
 b - a +0 helmet (worn)


   Skills:
 + Level 2.0 Fighting
 + Level 1.7 Throwing
 + Level 2.8 Dodging
 + Level 2.9 Unarmed Combat


You couldn't memorise any spells.
You didn't know any spells.
Your spell library was empty.

Dungeon Overview and Level Annotations

Branches:
Dungeon (1/15)

Altars:


Message History

The kobold is moderately wounded.
The kobold hits you but does no damage.
You hit the kobold.
You kill the kobold!
No target in view!
No target in view!
You see here a +0 dagger.
Found a stone staircase leading down.
You start waiting.
Done waiting.
Found 27 stones.
A bat comes into view.
You fall into a shaft and drop 1 floor!
The shaft crumbles and collapses.
An endoplasm comes into view.
The endoplasm quivers.
You hit the endoplasm.
The endoplasm is severely wounded.
You hit the endoplasm but do no damage.
The endoplasm is severely wounded.
The endoplasm freezes you.
You are frozen.
You hit the endoplasm.
You kill the endoplasm!
No target in view!
HP restored.
A goblin comes into view. It is wielding a +0 dagger.
You start waiting.
Done waiting.
A goblin is nearby!
You start waiting.
A wyvern skeleton comes into view.
The wyvern skeleton bites you.
You hit the wyvern skeleton but do no damage.
The wyvern skeleton bites you.
You hit the wyvern skeleton but do no damage.
The wyvern skeleton bites you but does no damage.
The wyvern skeleton bites you!
Ouch! That really hurt!
You die...

#.# #g.# #.# #..##
# #.#.#...###.#
#####.#.#.......#
...#.#......#
####.#.###....#####
.........#.#..#...#
.###.#.#.#.#....#.#
#.#.#.#.#...Z@.#
#.#.#.#.#...##.#
#.#.#...#....#.#
#.#.#####.Z..#.#
#...# ......#..
##### ###....###
......


You could see a wyvern skeleton.

Vanquished Creatures
  2 bats (D:1)
  An endoplasm (D:2)
  A kobold (D:1)
4 creatures vanquished.

Notes
Turn   | Place    | Note
-------+----------+-------------------------------------------
     0 | D:1      | vhaine the Demonspawn Gladiator began the quest for the
                  | Orb.
     0 | D:1      | Reached XP level 1. HP: 16/16 MP: 1/1
   277 | D:1      | You fall into a shaft and drop 1 floor!
   516 | D:2      | Slain by a wyvern skeleton

Illustrated notes

Levels and vault maps discovered:
D:1:      kennysheep_arrival_forest, layout_basic,
          shapermc_ecumenical_altar_mp_ritualfount, serial_shops,
          nicolae_shop_temple_entry_statues_fountains, minmay_lizard_king
D:2:      layout_basic, uniq_sigmund, uniq_robin

Action                   || total
-------------------------++-------
Melee: Unarmed           ||    17
Armor: Leather armour    ||    12
Dodge: Dodged            ||     4

Table legend: (Time is in decaauts)
 A = Elapsed time spent in this place.
 B = Non-inter-level travel time spent in this place.
 C = Inter-level travel time spent in this place.
 D = Time resting spent in this place.
 E = Time spent auto-exploring this place.
 F = Levels seen in this place.
 G = Mean time per level.
                   A        B        C        D        E       F      G
               +--------+--------+--------+--------+--------+-----+--------+
         Total |    514 |    514 |      0 |    211 |    263 |   2 |  257.0 |
       Dungeon |    514 |    514 |      0 |    211 |    263 |   2 |  257.0 |
               +--------+--------+--------+--------+--------+-----+--------+

Top non-repeatable levels by time:
     D:1: 276 daAuts
     D:2: 238 daAuts
